[ AOE2 MATCH · #468775640 ]
UnrankedSicilians vs Saracens
[ REPLAY ANALYSIS · EXTRACTED FROM THE RECORDED GAME ]
Feudal
12:07
Castle
26:46
Imperial
44:01
| APM avg | 39.4 |
| APM peak | 90 |
| eAPM avg | 14.4 |
| Villagers / military | 116 / 164 |
Focus
⚔️ 31.5% · 🌾 68.5%
Skirmisher ×61 · Scout Cavalry ×37 · Archer ×32 · Serjeant ×23 · Knight ×5 · Spearman ×3
Feudal
—
Castle
—
Imperial
—
| APM avg | 28.9 |
| APM peak | 52 |
| eAPM avg | 17.0 |
| Villagers / military | 110 / 97 |
Focus
⚔️ 37.2% · 🌾 62.8%
Konnik ×45 · Militia ×28 · Spearman ×19 · Cavalry Archer ×5
Feudal
10:03
Castle
18:35
Imperial
44:44
| APM avg | 41.0 |
| APM peak | 81 |
| eAPM avg | 19.3 |
| Villagers / military | 100 / 101 |
Focus
⚔️ 29.3% · 🌾 70.7%
Mameluke ×40 · Knight ×26 · Scout Cavalry ×20 · Archer ×7 · Battering Ram ×5 · Trebuchet (Packed) ×2
Feudal
10:37
Castle
20:24
Imperial
38:16
| APM avg | 23.2 |
| APM peak | 37 |
| eAPM avg | 14.1 |
| Villagers / military | 113 / 176 |
Focus
⚔️ 42.1% · 🌾 57.9%
Scout Cavalry ×43 · Gbeto ×37 · Spearman ×35 · Militia ×20 · Knight ×14 · Camel Scout ×14
Match map
Initial resources + every placement click. Lines = walls · curves = elevation contours. ◆ gold · ⬟ stone · ● berries · ✦ relic · ◌ wall gap
Your base· Open — unwalled flank
drakilouxD's base· Open — unwalled flank
KING ROMA's base· Open — unwalled flank
Spaceman Spiff's base· Open — unwalled flank
Smoothed initial terrain · ◌ = detected wall gap · hover for details
Inputs per minute
— Akanii - - drakilouxD
Build order — Akanii
First 150 of 323 actions detected
| 0:01 | Create | Villager (Male) |
| 0:01 | Create | Villager (Male) |
| 0:01 | Create | Villager (Male) |
| 0:02 | Create | Villager (Male) |
| 0:04 | Build | House |
| 0:06 | Build | House |
| 1:36 | Create | Villager (Male) |
| 2:16 | Create | Villager (Male) |
| 2:20 | Create | Villager (Male) |
| 3:01 | Create | Villager (Male) |
| 3:51 | Create | Villager (Male) |
| 3:51 | Create | Villager (Male) |
| 4:00 | Build | House |
| 4:02 | Build | House |
| 4:20 | Create | Villager (Male) |
| 4:22 | Build | Mill |
| 4:43 | Create | Villager (Male) |
| 5:37 | Create | Villager (Male) |
| 6:37 | Create | Villager (Male) |
| 6:59 | Build | Lumber Camp |
| 7:02 | Create | Villager (Male) |
| 7:03 | Create | Villager (Male) |
| 7:40 | Create | Villager (Male) |
| 7:42 | Create | Villager (Male) |
| 8:39 | Create | Villager (Male) |
| 8:50 | Build | Mining Camp |
| 9:57 | Research | Feudal Age |
| 10:39 | Research | Loom |
| 10:55 | Create | Villager (Male) |
| 10:56 | Create | Villager (Male) |
| 11:58 | Build | Donjon |
| 12:02 | Build | Mining Camp |
| 12:07 | Age | Feudal Age |
| 12:20 | Build | Barracks |
| 13:10 | Create | Villager (Male) |
| 13:14 | Build | House |
| 13:15 | Build | House |
| 13:26 | Build | Palisade Wall |
| 13:28 | Build | Palisade Wall |
| 13:30 | Build | Palisade Wall |
| 13:40 | Build | Palisade Wall |
| 13:42 | Build | Palisade Wall |
| 13:43 | Build | Palisade Wall |
| 13:52 | Build | Palisade Gate |
| 14:09 | Build | Mill |
| 14:19 | Create | Villager (Male) |
| 14:20 | Create | Villager (Male) |
| 14:21 | Create | Villager (Male) |
| 14:26 | Build | Farm |
| 15:03 | Build | Donjon |
| 15:23 | Create | Villager (Male) |
| 15:24 | Create | Villager (Male) |
| 15:28 | Build | Farm |
| 15:28 | Build | Farm |
| 15:29 | Build | Farm |
| 15:29 | Build | Farm |
| 16:07 | Build | Farm |
| 16:07 | Build | Farm |
| 16:08 | Build | Farm |
| 16:08 | Build | Farm |
| 16:20 | Create | Serjeant |
| 16:20 | Create | Serjeant |
| 16:20 | Create | Serjeant |
| 16:21 | Create | Serjeant |
| 16:21 | Create | Serjeant |
| 16:21 | Create | Serjeant |
| 16:28 | Build | Farm |
| 16:32 | Build | Farm |
| 17:32 | Build | House |
| 17:33 | Build | House |
| 17:40 | Build | Farm |
| 17:45 | Build | Farm |
| 17:46 | Build | Farm |
| 17:50 | Create | Villager (Male) |
| 17:50 | Create | Villager (Male) |
| 17:51 | Create | Villager (Male) |
| 19:50 | Create | Villager (Male) |
| 19:50 | Create | Villager (Male) |
| 19:54 | Build | Farm |
| 19:54 | Build | Farm |
| 19:54 | Build | Farm |
| 20:43 | Create | Serjeant |
| 20:43 | Create | Serjeant |
| 20:43 | Create | Serjeant |
| 20:43 | Create | Serjeant |
| 20:43 | Create | Serjeant |
| 21:57 | Build | House |
| 21:58 | Build | House |
| 21:59 | Build | House |
| 22:01 | Create | Villager (Male) |
| 22:02 | Create | Villager (Male) |
| 22:10 | Build | Mining Camp |
| 22:16 | Build | Market |
| 22:18 | Build | Blacksmith |
| 22:24 | Research | Wheelbarrow |
| 22:34 | Create | Spearman |
| 22:34 | Create | Spearman |
| 22:34 | Create | Spearman |
| 23:19 | Research | Castle Age |
| 23:30 | Build | House |
| 23:32 | Build | House |
| 23:37 | Build | Stable |
| 23:42 | Create | Villager (Male) |
| 23:43 | Create | Villager (Male) |
| 24:50 | Research | Arson |
| 25:20 | Create | Villager (Male) |
| 25:34 | Build | Farm |
| 25:39 | Build | Farm |
| 25:42 | Build | Farm |
| 26:46 | Age | Castle Age |
| 26:49 | Build | Castle |
| 26:59 | Build | Archery Range |
| 27:05 | Build | Palisade Wall |
| 27:08 | Research | Husbandry |
| 27:17 | Build | Town Center |
| 27:23 | Create | Villager (Male) |
| 27:39 | Research | Double-Bit Axe |
| 27:48 | Research | Horse Collar |
| 27:52 | Create | Villager (Male) |
| 27:53 | Create | Villager (Male) |
| 28:07 | Build | Mining Camp |
| 28:14 | Create | Skirmisher |
| 28:18 | Create | Knight |
| 28:26 | Create | Villager (Male) |
| 28:34 | Build | Farm |
| 28:37 | Build | Farm |
| 28:45 | Create | Villager (Male) |
| 28:48 | Create | Villager (Male) |
| 28:55 | Create | Knight |
| 29:16 | Create | Villager (Male) |
| 29:16 | Create | Villager (Male) |
| 29:17 | Create | Villager (Male) |
| 29:19 | Create | Scout Cavalry |
| 29:37 | Build | Town Center |
| 29:42 | Create | Villager (Male) |
| 29:43 | Create | Villager (Male) |
| 29:47 | Build | Farm |
| 29:47 | Build | Farm |
| 30:23 | Create | Villager (Male) |
| 30:23 | Create | Villager (Male) |
| 30:23 | Create | Villager (Male) |
| 30:23 | Create | Villager (Male) |
| 30:25 | Create | Villager (Male) |
| 30:25 | Create | Villager (Male) |
| 30:36 | Build | Town Center |
| 31:00 | Build | Town Center |
| 31:21 | Create | Skirmisher |
| 31:43 | Research | First Crusade |
| 31:52 | Build | Farm |
| 31:52 | Build | Farm |
Build order — drakilouxD
First 150 of 355 actions detected
| 0:02 | Create | Villager (Male) |
| 0:03 | Build | House |
| 0:05 | Build | House |
| 0:18 | Create | Villager (Male) |
| 0:18 | Create | Villager (Male) |
| 0:19 | Create | Villager (Male) |
| 0:19 | Create | Villager (Male) |
| 1:33 | Create | Villager (Male) |
| 2:07 | Create | Villager (Male) |
| 2:25 | Create | Villager (Male) |
| 3:01 | Create | Villager (Male) |
| 3:01 | Create | Villager (Male) |
| 3:28 | Create | Villager (Male) |
| 3:44 | Build | House |
| 4:13 | Create | Villager (Male) |
| 4:33 | Create | Villager (Male) |
| 4:33 | Create | Villager (Male) |
| 5:21 | Create | Villager (Male) |
| 5:23 | Create | Villager (Male) |
| 5:48 | Build | Mill |
| 6:16 | Create | Villager (Male) |
| 6:36 | Build | Barracks |
| 6:40 | Build | House |
| 6:43 | Create | Villager (Male) |
| 7:24 | Create | Villager (Male) |
| 7:36 | Build | House |
| 8:11 | Build | Lumber Camp |
| 8:20 | Build | Lumber Camp |
| 8:25 | Build | House |
| 8:46 | Research | Feudal Age |
| 8:57 | Create | Villager (Male) |
| 8:58 | Create | Villager (Male) |
| 9:10 | Create | Villager (Male) |
| 9:18 | Build | Mining Camp |
| 9:24 | Research | Feudal Age |
| 10:06 | Create | Militia |
| 10:07 | Create | Militia |
| 10:07 | Create | Militia |
| 10:08 | Create | Militia |
| 10:08 | Create | Militia |
| 10:47 | Create | Villager (Male) |
| 10:48 | Create | Villager (Male) |
| 11:04 | Build | Farm |
| 11:24 | Research | Loom |
| 12:38 | Build | Blacksmith |
| 12:45 | Create | Militia |
| 13:11 | Create | Villager (Male) |
| 13:11 | Create | Villager (Male) |
| 13:11 | Create | Villager (Male) |
| 13:12 | Create | Villager (Male) |
| 13:39 | Build | Farm |
| 13:43 | Build | Farm |
| 13:44 | Build | Farm |
| 13:46 | Create | Villager (Male) |
| 13:46 | Create | Villager (Male) |
| 13:58 | Research | Forging |
| 14:00 | Research | Scale Mail Armor |
| 14:14 | Create | Militia |
| 14:14 | Create | Militia |
| 14:42 | Create | Militia |
| 14:57 | Build | Farm |
| 14:57 | Build | Farm |
| 14:57 | Build | Farm |
| 14:58 | Build | Farm |
| 14:59 | Build | Farm |
| 16:28 | Create | Militia |
| 16:29 | Create | Militia |
| 16:29 | Create | Militia |
| 16:31 | Create | Villager (Male) |
| 16:31 | Create | Villager (Male) |
| 16:31 | Create | Villager (Male) |
| 16:35 | Build | House |
| 16:40 | Build | House |
| 16:41 | Build | House |
| 17:09 | Create | Villager (Male) |
| 17:10 | Create | Villager (Male) |
| 17:27 | Build | Farm |
| 17:29 | Build | Farm |
| 17:30 | Build | Farm |
| 17:31 | Build | Farm |
| 17:33 | Build | Farm |
| 17:35 | Build | Farm |
| 17:36 | Build | Farm |
| 18:31 | Create | Villager (Male) |
| 18:31 | Create | Villager (Male) |
| 18:33 | Create | Villager (Male) |
| 18:41 | Build | House |
| 18:42 | Build | House |
| 18:43 | Build | House |
| 18:46 | Build | House |
| 19:10 | Create | Villager (Male) |
| 19:12 | Create | Villager (Male) |
| 20:46 | Build | Mining Camp |
| 21:28 | Create | Villager (Male) |
| 21:48 | Build | Watch Tower |
| 21:57 | Build | Market |
| 22:42 | Create | Spearman |
| 22:42 | Create | Spearman |
| 22:53 | Research | Castle Age |
| 23:38 | Create | Villager (Male) |
| 23:38 | Create | Villager (Male) |
| 23:40 | Create | Villager (Male) |
| 23:49 | Research | Double-Bit Axe |
| 24:17 | Create | Spearman |
| 24:17 | Create | Spearman |
| 24:19 | Create | Spearman |
| 25:06 | Research | Horse Collar |
| 25:10 | Create | Spearman |
| 25:18 | Build | Farm |
| 25:29 | Research | Wheelbarrow |
| 25:39 | Build | Farm |
| 26:30 | Create | Spearman |
| 26:31 | Create | Spearman |
| 26:31 | Create | Spearman |
| 26:45 | Build | House |
| 26:47 | Build | House |
| 27:00 | Build | Palisade Wall |
| 27:15 | Create | Villager (Male) |
| 27:16 | Create | Villager (Male) |
| 27:30 | Research | Pikeman (upgrade) |
| 27:32 | Research | Squires |
| 27:34 | Create | Spearman |
| 27:34 | Create | Spearman |
| 27:54 | Research | Bow Saw |
| 27:58 | Create | Villager (Male) |
| 28:35 | Create | Villager (Male) |
| 28:35 | Create | Villager (Male) |
| 28:46 | Build | Farm |
| 29:24 | Build | Farm |
| 29:33 | Build | Farm |
| 29:44 | Build | Farm |
| 29:47 | Create | Villager (Male) |
| 29:47 | Create | Villager (Male) |
| 30:14 | Build | Castle |
| 30:40 | Build | Town Center |
| 30:54 | Build | Farm |
| 30:55 | Create | Villager (Male) |
| 30:55 | Create | Villager (Male) |
| 31:07 | Build | Farm |
| 31:28 | Research | Iron Casting |
| 31:32 | Create | Spearman |
| 31:32 | Create | Spearman |
| 31:32 | Create | Spearman |
| 31:52 | Create | Villager (Male) |
| 31:52 | Create | Villager (Male) |
| 31:52 | Create | Villager (Male) |
| 31:53 | Create | Villager (Male) |
| 31:56 | Create | Villager (Male) |
| 31:56 | Create | Villager (Male) |
| 31:57 | Create | Villager (Male) |
Build order — KING ROMA
First 150 of 345 actions detected
| 0:00 | Create | Villager (Male) |
| 0:01 | Create | Villager (Male) |
| 0:01 | Create | Villager (Male) |
| 0:01 | Create | Villager (Male) |
| 0:03 | Build | House |
| 0:06 | Build | House |
| 0:30 | Build | House |
| 1:31 | Create | Villager (Male) |
| 2:07 | Create | Villager (Male) |
| 2:30 | Build | Lumber Camp |
| 2:36 | Create | Villager (Male) |
| 3:12 | Create | Villager (Male) |
| 3:39 | Create | Villager (Male) |
| 4:06 | Create | Villager (Male) |
| 4:09 | Create | Villager (Male) |
| 4:51 | Create | Villager (Male) |
| 5:20 | Create | Villager (Male) |
| 5:28 | Create | Villager (Male) |
| 5:33 | Build | House |
| 5:49 | Create | Villager (Male) |
| 6:05 | Create | Villager (Male) |
| 6:14 | Create | Villager (Male) |
| 6:22 | Build | Mill |
| 6:33 | Research | Loom |
| 7:38 | Create | Villager (Male) |
| 7:53 | Research | Feudal Age |
| 8:34 | Build | Mining Camp |
| 9:53 | Create | Villager (Male) |
| 10:03 | Age | Feudal Age |
| 10:29 | Create | Villager (Male) |
| 10:37 | Build | House |
| 10:45 | Build | Barracks |
| 10:50 | Research | Double-Bit Axe |
| 10:59 | Build | Market |
| 11:10 | Build | House |
| 11:15 | Create | Villager (Male) |
| 11:16 | Create | Villager (Male) |
| 11:50 | Build | Archery Range |
| 11:56 | Build | Archery Range |
| 12:13 | Create | Villager (Male) |
| 12:15 | Build | Farm |
| 12:15 | Build | Farm |
| 12:15 | Build | Farm |
| 12:15 | Build | Farm |
| 12:16 | Build | Farm |
| 12:16 | Build | Farm |
| 12:16 | Build | Farm |
| 12:59 | Create | Villager (Male) |
| 13:00 | Create | Villager (Male) |
| 13:17 | Build | Farm |
| 13:20 | Build | Farm |
| 13:52 | Build | House |
| 13:56 | Create | Villager (Male) |
| 14:02 | Build | Farm |
| 14:40 | Create | Villager (Male) |
| 14:41 | Create | Villager (Male) |
| 14:57 | Build | Farm |
| 15:09 | Build | Blacksmith |
| 15:13 | Create | Villager (Male) |
| 15:28 | Build | Lumber Camp |
| 15:53 | Research | Castle Age |
| 16:15 | Build | Farm |
| 16:38 | Build | Mining Camp |
| 16:53 | Build | Mining Camp |
| 17:16 | Build | Archery Range |
| 17:22 | Research | Fletching |
| 17:46 | Research | Stone Mining |
| 17:50 | Research | Gold Mining |
| 18:01 | Build | Farm |
| 18:05 | Build | House |
| 18:08 | Create | Archer |
| 18:35 | Age | Castle Age |
| 18:37 | Build | House |
| 18:40 | Build | Palisade Wall |
| 18:49 | Build | House |
| 18:58 | Create | Archer |
| 19:27 | Create | Archer |
| 19:28 | Create | Archer |
| 19:28 | Create | Archer |
| 19:28 | Create | Archer |
| 19:28 | Create | Archer |
| 20:06 | Build | Farm |
| 20:06 | Build | Farm |
| 20:27 | Build | Castle |
| 20:58 | Build | House |
| 21:07 | Create | Villager (Male) |
| 21:08 | Create | Villager (Male) |
| 21:08 | Create | Villager (Male) |
| 21:08 | Create | Villager (Male) |
| 22:24 | Create | Mameluke |
| 22:24 | Create | Mameluke |
| 22:43 | Create | Villager (Male) |
| 22:45 | Create | Villager (Male) |
| 23:14 | Create | Villager (Male) |
| 23:28 | Create | Mameluke |
| 23:30 | Create | Mameluke |
| 24:00 | Create | Villager (Male) |
| 24:21 | Create | Villager (Male) |
| 24:30 | Create | Mameluke |
| 24:34 | Build | Farm |
| 25:15 | Create | Villager (Male) |
| 25:16 | Create | Villager (Male) |
| 25:16 | Create | Villager (Male) |
| 25:17 | Create | Villager (Male) |
| 25:24 | Build | Lumber Camp |
| 25:46 | Build | Farm |
| 25:59 | Create | Mameluke |
| 26:01 | Create | Mameluke |
| 26:18 | Build | Farm |
| 26:29 | Build | Farm |
| 26:39 | Build | Farm |
| 26:46 | Create | Villager (Male) |
| 27:10 | Build | Blacksmith |
| 27:16 | Create | Mameluke |
| 27:16 | Create | Mameluke |
| 27:17 | Create | Mameluke |
| 27:21 | Create | Villager (Male) |
| 27:24 | Build | Farm |
| 27:24 | Build | Farm |
| 27:31 | Build | Farm |
| 27:31 | Build | Farm |
| 28:03 | Create | Villager (Male) |
| 28:05 | Build | Farm |
| 28:08 | Build | Farm |
| 28:10 | Create | Villager (Male) |
| 28:22 | Create | Villager (Male) |
| 28:27 | Create | Villager (Male) |
| 28:54 | Create | Villager (Male) |
| 28:56 | Create | Mameluke |
| 28:59 | Build | Farm |
| 29:01 | Create | Villager (Male) |
| 29:12 | Create | Villager (Male) |
| 29:14 | Create | Villager (Male) |
| 29:48 | Build | Town Center |
| 30:11 | Research | Scale Barding Armor |
| 30:14 | Research | Forging |
| 30:37 | Create | Villager (Male) |
| 30:43 | Create | Villager (Male) |
| 30:55 | Create | Villager (Male) |
| 31:08 | Create | Villager (Male) |
| 31:20 | Build | Stable |
| 31:26 | Build | Farm |
| 31:26 | Build | Farm |
| 31:28 | Create | Villager (Male) |
| 31:29 | Create | Villager (Male) |
| 31:29 | Create | Villager (Male) |
| 31:32 | Create | Mameluke |
| 31:32 | Create | Mameluke |
| 31:33 | Create | Mameluke |
| 31:33 | Create | Mameluke |
Build order — Spaceman Spiff
First 150 of 438 actions detected
| 0:00 | Create | Villager (Male) |
| 0:00 | Create | Villager (Male) |
| 0:01 | Create | Villager (Male) |
| 0:05 | Build | House |
| 0:06 | Build | House |
| 0:07 | Build | House |
| 0:37 | Create | Villager (Male) |
| 0:38 | Create | Villager (Male) |
| 1:07 | Build | Lumber Camp |
| 1:40 | Create | Villager (Male) |
| 1:41 | Research | Loom |
| 2:19 | Create | Villager (Male) |
| 2:38 | Create | Villager (Male) |
| 3:17 | Create | Villager (Male) |
| 3:33 | Create | Villager (Male) |
| 3:58 | Build | Mill |
| 4:05 | Create | Villager (Male) |
| 4:29 | Create | Villager (Male) |
| 5:01 | Create | Villager (Male) |
| 5:13 | Create | Villager (Male) |
| 5:38 | Create | Villager (Male) |
| 5:39 | Create | Villager (Male) |
| 5:39 | Create | Villager (Male) |
| 5:39 | Create | Villager (Male) |
| 5:44 | Build | House |
| 6:14 | Create | Villager (Male) |
| 6:51 | Create | Villager (Male) |
| 7:45 | Create | Villager (Male) |
| 8:06 | Build | Barracks |
| 8:27 | Research | Feudal Age |
| 8:27 | Research | Feudal Age |
| 8:48 | Build | Mining Camp |
| 8:55 | Create | Militia |
| 8:55 | Create | Militia |
| 8:55 | Create | Militia |
| 9:19 | Build | House |
| 9:44 | Create | Militia |
| 9:50 | Build | House |
| 10:32 | Build | Farm |
| 10:35 | Build | Farm |
| 10:37 | Create | Villager (Male) |
| 10:37 | Age | Feudal Age |
| 10:40 | Research | Man-at-Arms (upgrade) |
| 10:44 | Create | Spearman |
| 11:06 | Create | Villager (Male) |
| 11:11 | Build | Stable |
| 11:13 | Create | Villager (Male) |
| 11:55 | Create | Villager (Male) |
| 11:57 | Build | Farm |
| 12:22 | Build | Blacksmith |
| 12:23 | Create | Villager (Male) |
| 12:23 | Create | Villager (Male) |
| 12:26 | Build | Farm |
| 12:32 | Create | Villager (Male) |
| 12:32 | Create | Villager (Male) |
| 12:38 | Build | House |
| 13:11 | Build | Farm |
| 13:11 | Create | Villager (Male) |
| 13:17 | Build | Farm |
| 13:20 | Build | Farm |
| 13:23 | Create | Villager (Male) |
| 13:28 | Build | Archery Range |
| 13:36 | Build | House |
| 13:56 | Create | Villager (Male) |
| 13:59 | Build | Farm |
| 14:16 | Build | Farm |
| 14:17 | Create | Villager (Male) |
| 14:19 | Build | Farm |
| 14:32 | Build | House |
| 14:43 | Create | Villager (Male) |
| 14:49 | Create | Archer |
| 14:49 | Create | Archer |
| 14:53 | Create | Villager (Male) |
| 14:58 | Build | Farm |
| 15:40 | Create | Archer |
| 16:01 | Build | Farm |
| 16:29 | Create | Archer |
| 17:06 | Create | Villager (Male) |
| 17:44 | Research | Castle Age |
| 17:44 | Research | Castle Age |
| 18:30 | Research | Fletching |
| 18:44 | Research | Horse Collar |
| 19:11 | Research | Double-Bit Axe |
| 19:30 | Research | Bloodlines |
| 20:05 | Research | Scale Barding Armor |
| 20:24 | Age | Castle Age |
| 20:34 | Create | Knight |
| 20:34 | Create | Knight |
| 20:34 | Create | Knight |
| 20:36 | Create | Villager (Male) |
| 20:37 | Create | Villager (Male) |
| 21:21 | Create | Villager (Male) |
| 21:22 | Create | Villager (Male) |
| 21:29 | Create | Knight |
| 21:44 | Build | Town Center |
| 21:48 | Create | Villager (Male) |
| 21:58 | Create | Knight |
| 22:18 | Create | Villager (Male) |
| 22:22 | Create | Knight |
| 23:06 | Create | Villager (Male) |
| 23:17 | Create | Knight |
| 23:30 | Create | Villager (Male) |
| 23:31 | Create | Villager (Male) |
| 23:33 | Build | Farm |
| 23:44 | Create | Villager (Male) |
| 23:45 | Create | Villager (Male) |
| 23:49 | Build | House |
| 24:25 | Build | Monastery |
| 24:32 | Build | Farm |
| 24:37 | Research | Husbandry |
| 24:54 | Create | Villager (Male) |
| 25:03 | Create | Monk |
| 25:15 | Build | Farm |
| 25:16 | Build | Farm |
| 25:19 | Create | Villager (Male) |
| 25:21 | Create | Villager (Male) |
| 25:27 | Build | Farm |
| 25:30 | Create | Villager (Male) |
| 26:11 | Create | Villager (Male) |
| 26:12 | Create | Villager (Male) |
| 26:38 | Create | Villager (Male) |
| 26:38 | Create | Villager (Male) |
| 26:40 | Build | Farm |
| 26:46 | Build | Stable |
| 26:49 | Create | Knight |
| 26:49 | Create | Knight |
| 26:58 | Create | Villager (Male) |
| 26:59 | Create | Villager (Male) |
| 27:09 | Build | Farm |
| 27:11 | Create | Villager (Male) |
| 27:24 | Build | Siege Workshop |
| 27:29 | Create | Knight |
| 27:32 | Create | Villager (Male) |
| 27:33 | Create | Villager (Male) |
| 27:36 | Build | Farm |
| 28:04 | Build | Town Center |
| 28:07 | Create | Villager (Male) |
| 28:18 | Research | Wheelbarrow |
| 28:28 | Build | House |
| 29:06 | Build | Farm |
| 29:18 | Build | House |
| 29:20 | Create | Villager (Male) |
| 29:20 | Create | Villager (Male) |
| 29:30 | Research | Bow Saw |
| 29:30 | Research | Bow Saw |
| 29:38 | Create | Villager (Male) |
| 29:38 | Create | Villager (Male) |
| 29:53 | Create | Knight |
| 29:56 | Create | Knight |
| 30:00 | Build | Farm |
Match timeline
| 6:36 | drakilouxD · first_building Barracks |
| 8:06 | Spaceman Spiff · first_building Barracks |
| 10:03 | KING ROMA · age_up feudal |
| 10:37 | Spaceman Spiff · age_up feudal |
| 10:45 | KING ROMA · first_building Barracks |
| 11:11 | Spaceman Spiff · first_building Stable |
| 11:50 | KING ROMA · first_building Archery Range |
| 11:58 | Akanii · first_building Donjon |
| 12:07 | Akanii · age_up feudal |
| 12:20 | Akanii · first_building Barracks |
| 13:26 | Akanii · wall_segment Palisade Wall x1 |
| 13:28 | Akanii · wall_segment Palisade Wall x1 |
| 13:28 | Spaceman Spiff · first_building Archery Range |
| 13:30 | Akanii · wall_segment Palisade Wall x1 |
| 13:40 | Akanii · wall_segment Palisade Wall x6 |
| 13:42 | Akanii · wall_segment Palisade Wall x5 |
| 13:43 | Akanii · wall_segment Palisade Wall x1 |
| 14:29 | KING ROMA · first_market_buy 100 food |
| 14:33 | KING ROMA · first_market_sell 100 wood |
| 18:35 | KING ROMA · age_up castle |
| 18:40 | KING ROMA · wall_segment Palisade Wall x1 |
| 20:24 | Spaceman Spiff · age_up castle |
| 20:27 | KING ROMA · first_building Castle |
| 23:14 | Akanii · first_market_sell 100 wood |
| 23:37 | Akanii · first_building Stable |
| 24:25 | Spaceman Spiff · first_building Monastery |
| 25:36 | Akanii · first_market_buy 100 wood |
| 26:46 | Akanii · age_up castle |
| 26:49 | Akanii · first_building Castle |
| 26:59 | Akanii · first_building Archery Range |
| 27:00 | drakilouxD · wall_segment Palisade Wall x1 |
| 27:05 | Akanii · wall_segment Palisade Wall x4 |
| 27:24 | Spaceman Spiff · first_building Siege Workshop |
| 30:14 | drakilouxD · first_building Castle |
| 31:20 | KING ROMA · first_building Stable |
| 32:46 | KING ROMA · first_building Siege Workshop |
| 34:02 | KING ROMA · first_building Monastery |
| 34:08 | drakilouxD · wall_segment Palisade Wall x16 |
| 36:03 | Spaceman Spiff · first_building Castle |
| 36:04 | drakilouxD · wall_segment Palisade Wall x14 |
| 36:07 | drakilouxD · wall_segment Palisade Wall x1 |
| 36:12 | drakilouxD · wall_segment Palisade Wall x5 |
| 36:17 | drakilouxD · wall_segment Palisade Wall x12 |
| 36:21 | drakilouxD · wall_segment Palisade Wall x10 |
| 36:23 | drakilouxD · wall_segment Palisade Wall x17 |
| 36:27 | drakilouxD · wall_segment Palisade Wall x4 |
| 36:29 | drakilouxD · wall_segment Palisade Wall x16 |
| 37:24 | Akanii · wall_segment Stone Wall x1 |
| 38:16 | Spaceman Spiff · age_up imperial |
| 39:14 | drakilouxD · first_building Krepost |
| 41:56 | Akanii · first_building Monastery |
| 44:01 | Akanii · age_up imperial |
| 44:34 | drakilouxD · first_building Archery Range |
| 44:44 | KING ROMA · age_up imperial |
| 52:14 | drakilouxD · resign |
[ AI ANALYSIS · 1 CREDIT ]
What really happened in this match?
Wolo.gg analyzes every decision: build order, eco, micro, common mistakes by bracket. Personalized analysis on WhatsApp or Discord in 30 seconds.
Civ guide
Sicilians
Perfil
Jugador #1145613